 Dungeon Crawl Stone Soup version 0.31-a0-161-gb58dd9be76 (webtiles) character file.

Game seed: 2817335755102587983

420995 Midn8 the Crack Shot (level 22, -8/215 HPs)
             Began as a Grey Draconian Wanderer on June 11, 2023.
             Was the Champion of Jiyva.
             Mangled by Tiamat
             ... wielding a +2 glaive of venom
              (43 damage)
             ... on level 1 of the Realm of Zot on June 13, 2023.
             The game lasted 03:09:51 (48322 turns).

Midn8 the Crack Shot (Grey Draconian Wanderer)     Turns: 48322, Time: 03:09:51

Health: -8/215     AC: 25    Str: 21    XL:     22   Next: 33%
Magic:  26/28      EV: 31    Int: 23    God:    Jiyva [******]
Gold:   1021       SH:  0    Dex: 21    Spells: 21/23 levels left

rFire   . . .        A - +3 triple crossbow (freeze)
rCold   . . .        (shield currently unavailable)
rNeg    . . .        (body armour unavailable)
rPois   +            s - +2 hat
rElec   .            W - +2 cloak {Will+}
rCorr   +            T - +0 pair of gloves of the Furies {Drain rPois Slay+2 SInv}
SInv    +            c - +2 pair of boots
Will    +++..        G - amulet of regeneration
Stlth   +++          Q - +5 ring of evasion
HPRegen 2.95/turn    L - ring of Sacwalokh {rPois Will+ Str+2 Int+6}
MPRegen 0.71/turn

%: no passive effects
@: slimy, calling ooze, studying Ice Magic
A: AC +16, amphibious, unfitting armour, cold-blooded, horns 1, clever 2, poison
resistance, strong 2, pseudopods 2, jelly sensing items
}: 3/15 runes: decaying, slimy, gossamer
a: Renounce Religion, Oozemancy, Slimify


You were on level 1 of the Realm of Zot.
You worshipped Jiyva.
Jiyva was exalted by your worship.
You visited 10 branches of the dungeon, and saw 47 of its levels.
You visited the Abyss 1 time.
You also visited: Ice Cave.

You collected 3737 gold pieces.
You spent 2716 gold pieces at shops.

Inventory:

Hand Weapons
 a - a +4 scimitar of freezing
 b - a +9 orcbow of freezing
 g - the +8 Vampire's Tooth {megavamp}
   (You found it on level 1 of the Depths)
 t - a +0 longbow
 y - a +2 hand axe of venom
 A - a +3 triple crossbow of freezing (weapon)
 U - the +4 arbalest "Tekangis" {freeze, rElec Will+ Int+2}
   (You found it on level 5 of the Pits of Slime)

   Int:       It affects your intelligence (+2).
   rElec:     It insulates you from electricity.
   Will:      It increases your willpower.
Missiles
 m - 61 poisoned darts
 n - 4 throwing nets
Armour
 c - a +2 pair of boots (worn)
 s - a +2 hat (worn)
 T - the +0 pair of gloves of the Furies (worn) {Drain rPois Slay+2 SInv}
   (You bought it in a shop on level 2 of the Orcish Mines)

   Slay:      It affects your accuracy & damage with ranged weapons and melee
   (+2).
   rPois:     It protects you from poison.
   SInv:      It lets you see invisible.
   Drain:     It drains your maximum health when unequipped.
 W - a +2 cloak of willpower (worn)
Jewellery
 o - a ring of ice
 F - a +5 ring of evasion
 G - an amulet of regeneration (around neck)
 L - the ring of Sacwalokh (right hand) {rPois Will+ Str+2 Int+6}
   (You found it on level 5 of the Pits of Slime)

   [ring of intelligence]

   Str:       It affects your strength (+2).
   Int:       It affects your intelligence (+6).
   rPois:     It protects you from poison.
   Will:      It increases your willpower.
 P - a ring of fire
 Q - a +5 ring of evasion (left hand)
 R - a ring of willpower
Wands
 e - a wand of polymorph (5)
 p - a wand of mindburst (39)
 w - a wand of charming (51)
 C - a wand of light (1)
 I - a wand of digging (17)
 K - a wand of iceblast (41)
 S - a wand of flame (63)
Scrolls
 d - 2 scrolls of enchant armour
 i - 7 scrolls of revelation
 j - 5 scrolls of blinking
 z - 6 scrolls of teleportation
 H - 4 scrolls of fog
 J - a scroll of summoning
 M - 5 scrolls of silence
 X - 3 scrolls of amnesia
 Y - 5 scrolls of fear
Potions
 f - 13 potions of curing
 l - 3 potions of haste
 q - 9 potions of mutation
 r - 8 potions of heal wounds
 u - 6 potions of magic
 x - 3 potions of enlightenment
 B - 2 potions of berserk rage
 E - 8 potions of invisibility
 O - 2 potions of cancellation
 V - 4 potions of resistance
 Z - 5 potions of might
Miscellaneous
 h - a piece from Xom's chessboard (15/15)
 k - a box of beasts
 v - a lightning rod (4/4)
 D - a condenser vane (inert)
 N - a phial of floods


   Skills:
 - Level 22.0 Fighting
 - Level 10.0 Long Blades
 - Level 6.0 Axes
 - Level 2.0 Staves
 + Level 22.8 Ranged Weapons
 - Level 18.0 Dodging
 - Level 5.0 Stealth
 - Level 1.0 Spellcasting
 - Level 5.0 Translocations
 - Level 9.0 Invocations
 - Level 11.0 Evocations


You had 21 spell levels left.
You knew the following spells:

 Your Spells              Type           Power      Damage    Failure   Level
B - Blink                 Tloc           48%        N/A       2%          2

Your spell library contained the following spells:

 Spells                   Type           Power      Damage    Failure   Level
 Apportation              Tloc           48%        N/A       1%          1
 Lesser Beckoning         Tloc           48%        N/A       2%          2
 Momentum Strike          Conj/Tloc      24%        3d8       8%          2
 Beastly Appendage        Tmut           2%         N/A       14%         1
 Necrotise                Necr           4%         1d4       14%         1
 Shock                    Conj/Air       4%         1d3       14%         1
 Sting                    Tmut/Pois      4%         1d3       14%         1
 Summon Small Mammal      Summ           4%         N/A       14%         1
 Vhi's Electric Charge    Tloc/Air       24%        N/A       16%         3
 Volatile Blastmotes      Fire/Tloc      24%        2d12      16%         3
 Manifold Assault         Tloc           24%        N/A       19%         4
 Cigotuvi's Dreadful Rot  Necr/Pois/Air  2%         N/A       22%         2
 Static Discharge         Conj/Air       2%         2-3/arc   22%         2
 Animate Dead             Necr           1%         N/A       80%         4
 Cause Fear               Hex            0%         N/A       80%         4
 Dispersal                Tloc           12%        N/A       95%         6
 Alistair's Intoxication  Tmut/Pois      0%         N/A       98%         5
 Simulacrum               Ice/Necr       0%         N/A       100%        6
 Starburst                Conj/Fire      0%         6d3       100%        6
 Dragon Form              Tmut           0%         N/A       100%        7
 Ozocubu's Refrigeration  Ice            0%         4d7       100%        7
 Borgnjor's Revivificati  Necr           0%         N/A       100%        8
 Disjunction              Tloc           12%        N/A       100%        8
 Chain Lightning          Conj/Air       0%         2d1       100%        9
 Dragon's Call            Summ           0%         N/A       100%        9
 Polar Vortex             Ice            0%         N/A       100%        9


Dungeon Overview and Level Annotations

Branches:
Dungeon (15/15)            Temple (0/1) D:4            Lair (5/5) D:8
  Swamp (4/4) Lair:3       Spider (4/4) Lair:2        Slime (5/5) Lair:5
    Orc (2/2) D:11            Elf (0/3) Orc:2        Vaults (4/5) D:13
  Crypt (3/3) Vaults:2     Depths (4/4) D:15            Zot (1/5) Depths:4
  IceCv (visited)
   Tomb: Crypt:3

Altars:
Ashenzari
Dithmenos
Elyvilon
Fedhas
Gozag
Hepliaklqana
Kikubaaqudgha
Nemelex Xobeh
Okawaru
Ru
Uskayaw
Vehumet
Xom
Yredelemnul
Zin
The Shining One
Jiyva

Shops:
D:1 =   Orc:2 **(*(*[=   Vaults:1 (   Vaults:4 !(   Depths:2 [

Portals:
Hell: Depths:1 Depths:2 Depths:3 Depths:4
Abyss: Depths:3
Pandemonium: Depths:2 Depths:3 Depths:4
Ziggurat: Depths:2
Trove: D:10 (lose all piety)

Annotations:
D:5 exclusions: orc priest and 2 more exclusions
Lair:5 2 transporters, pokeman's ghost, journeyman DEHW
Slime:5 Royal Jelly
Vaults:1 3 runed translucent doors
Vaults:2 2 transporters, exclusion: obsidian statue
Crypt:3 Vv
Depths:3 3 runed translucent doors, Whoops's ghost, adept DsFi
Zot:1 Tiamat


Innate Abilities, Weirdness & Mutations

Your dull iron-grey scales are very hard. (AC +16)
You are amphibious.
You cannot fit into any form of body armour.
You are cold-blooded and may be slowed by cold attacks.
You have a pair of small horns on your head.
Your mind is very acute. (Int +8, Str/Dex -2)
Your system is resistant to poisons. (rPois)
Your muscles are very strong. (Str +8, Int/Dex -2)
Armour fits poorly on your large pseudopods.
You have a small jelly attached to you that senses nearby items.


Message History

The bolt barely misses the white draconian.
The bolt hits Tiamat!!
The bolt freezes Tiamat.
Tiamat is moderately wounded.
You feel sick.
You hear a roar!
The white draconian stormcaller is engulfed in poison gas.
The white draconian stormcaller looks as sick as possible!
The walls burn the white draconian stormcaller!
The white draconian is engulfed in a thunderstorm.
You kill the white draconian!
A green draconian monk comes into view.
The walls burn Tiamat!
Tiamat hits you from afar with a +2 glaive of venom!
Fire: A) +3 triple crossbow (freeze)
Press: ? - help, Q - select action, (/) - cycle Shift-Dir - straight line, f/p - Tiamat
Aim: Tiamat, wielding a +2 glaive of venom and wearing the +4 dragonskin cloak (poison gas, moderately wounded, slow, 78% to hit)
You shoot a bolt. The bolt hits Tiamat!!!
Tiamat seems to slow down.
The bolt freezes Tiamat.
Tiamat is moderately wounded.
You feel sick.
The white draconian stormcaller is engulfed in poison gas.
The white draconian stormcaller looks as sick as possible!
The walls burn the white draconian stormcaller!
The walls burn the black draconian knight!
The black draconian knight gestures wildly while chanting.
The black draconian knight flickers and vanishes for a moment.
The walls burn Tiamat!
Tiamat hits you from afar with a +2 glaive of venom!!!
* * * LOW HITPOINT WARNING * * *
You are lethally poisoned!
You feel better.
The walls burn the death drake!
The walls burn the black draconian knight!
The black draconian knight gestures wildly while chanting.
The black draconian knight seems to speed up.
The white draconian stormcaller is engulfed in a thunderstorm.
You kill the white draconian stormcaller!
The death drake disappears in a puff of smoke!
The walls burn Tiamat!
Tiamat hits you from afar with a +2 glaive of venom!!!
You die...

*** *,* *** *,* *,* ### *,*
*,* #.# *,* *,*
#######.####.## *,*
#######.####.##*******
*,*#########°####...,,,,,,,
*,*....)..@§d§§qqd..,,,,,,,
*,*.########§####○..,,,,,,,
*,*,*#######.####..d,,,,,,,
*,,,,.....d#.####...,,,,,,,
*,*,*#####.#∩####...,,,,,,,
*,*,*......#.####...,,,,,,,
*,*,*.....^#.###.>..,,,****
*,*,*......#.###...#**,*
*,*,*.....y#.###...# *,*


You could see Tiamat (slow), a green draconian monk, a black draconian knight
(fast, invisible, poisoned) and a green draconian (slow).

Vanquished Creatures
  A juggernaut (Depths:3)
  Saint Roka (Crypt:1)
  the Lernaean hydra (Swamp:4)
  Xtahua (Crypt:1)
  Jory (Vaults:3)
  A caustic shrike (Depths:3)
  3 golden dragons
  Nikola (Swamp:4)
  A Tzitzimitl (Crypt:3)
  A tentacled monstrosity (Depths:3)
  4 liches
  A shard shrike skeleton (Abyss:3)
  2 titans
  A walking frostbound tome (Depths:2)
  2 tentacled starspawn (Abyss:3)
  3 ancient champions (Crypt:1)
  2 shadow dragons
  2 sphinxes
  A thorn hunter (Swamp:4)
  2 tengu reavers
  2 storm dragons
  2 fenstrider witches (Swamp:3)
  A rockslime (IceCv)
  Donald (Vaults:1)
  9 fire giants
  4 frost giants
  3 revenants
  10 vault wardens
  An iron dragon (Depths:3)
  3 azure jellies (IceCv)
  A balrug (Abyss:3)
  A draconian scorcher (Depths:4)
  7 emperor scorpions
  A juggernaut zombie (Crypt:1)
  A draconian stormcaller (Zot:1)
  4 ghost moths
  A cacodemon (Depths:4)
  2 orc warlords
  A reaper (Crypt:2)
  14 ironbound preservers
  2 war gargoyles (Vaults:2)
  7 stone giants
  The ghost of Pooter the Cleaver, a journeyman DsBe of Trog (D:12)
  A draconian annihilator (Zot:1)
  A formless jellyfish (Vaults:1)
  4 eleionomae
  4 ironbound thunderhulks
  4 quicksilver oozes (IceCv)
  3 ghouls (Crypt:1)
  7 very ugly things
  A black draconian (Zot:1)
  3 green draconians
  A bunyip (Swamp:2)
  A deep elf demonologist (Vaults:1)
  9 vampire knights
  A purple draconian (Depths:4)
  7 spark wasps
  2 white draconians
  3 yellow draconians
  3 red draconians
  4 eidola
  2 merfolk javelineers (Depths:2)
  16 dire elephants
  Snorg (D:12)
  12 jiangshi
  3 ettins (Depths:3)
  5 entropy weavers
  8 fire dragons
  8 yaktaur captains
  Fannar (D:12)
  A great orb of eyes (Vaults:1)
  9 vault guards
  4 rakshasas
  An ogre mage (D:11)
  22 hydras
  A hydra (shapeshifter) (D:11)
  2 peacekeepers
  A spriggan zombie (Crypt:2)
  4 ironbound frosthearts
  A merfolk avatar (Lair:5)
  3 spriggan air magi
  9 boulder beetles
  2 ghost crabs
  3 radroaches
  10 ice dragons
  4 jorogumos
  4 alligators
  4 death knights
  6 deep troll shamans
  24 centaur warriors
  3 deep troll earth magi
  10 death yaks
  2 tengu warriors (D:14)
  9 demonic crawlers
  2 two-headed ogres (D:14)
  7 vampire magi
  A thrashing horror (Abyss:3)
  6 orc high priests (Orc:2)
  14 spriggans
  2 spriggan berserkers (Depths:3)
  9 hell knights
  A wretched star (Abyss:3)
  A soul eater (Depths:4)
  A deep elf knight (D:11)
  A sun demon (Abyss:3)
  A titan skeleton (Crypt:1)
  6 iron trolls
  19 skeletal warriors
  6 pharaoh ants
  3 sun moths (Spider:4)
  4 sea snakes (Lair:5)
  45 deep trolls
  2 phantasmal warriors (Crypt:1)
  10 orb spiders
  4 orange crystal statues
  4 spriggan druids (Swamp:3)
  10 swamp dragons
  A deep elf archer (D:13)
  4 flayed ghosts
  3 lindwurms
  8 bog bodies
  6 shadow demons
  13 ironbound convokers
  4 wizards
  3 steelbarb worms
  5 necromancers
  5 orc knights
  34 ugly things
  A deep elf zephyrmancer (D:13)
  15 wolf spiders
  3 orc sorcerers
  5 harpies (Vaults:1)
  2 deep elf pyromancers
  3 cyclopes
  8 manticores
  6 will-o-the-wisps
  14 elephants
  A goliath frog skeleton (Crypt:1)
  4 moths of wrath
  A salamander (D:15)
  3 rust devils
  An eleionoma skeleton (Crypt:1)
  A molten gargoyle (D:12)
  A centaur zombie (Crypt:1)
  A black mamba (Lair:3)
  15 vault sentinels
  A smoke demon (Depths:2)
  A centaur skeleton (Crypt:1)
  17 cane toads
  A cane toad (shapeshifter) (D:15)
  3 torpor snails
  An orange demon (Depths:4)
  2 unseen horrors
  Maggie (Lair:1)
  8 kobold demonologists
  18 komodo dragons
  An ice devil (Depths:4)
  6 rime drakes
  33 yaktaurs
  3 freezing wraiths (Crypt:1)
  A catoblepas skeleton (Crypt:2)
  9 trolls
  A red devil (Depths:4)
  8 meliai
  2 bloated husks
  A polar bear (Lair:5)
  Grinder (D:5)
  A hellwing (Depths:4)
  2 harpy zombies
  8 tyrant leeches
  2 harpy skeletons
  33 tarantellas
  12 hornets
  13 dream sheep
  32 blink frogs
  An ettin zombie (Crypt:1)
  24 jumping spiders
  2 centaur simulacra
  19 culicivoras
  40 flying skulls
  44 slime creatures
  27 shadows
  An alligator skeleton (Crypt:2)
  6 wyverns
  A ynoxinul (Abyss:3)
  16 wraiths
  4 hogs (D:15)
  10 fire bats (D:14)
  41 yaks
  12 water elementals
  A satyr skeleton (Crypt:2)
  3 neqoxecs
  2 steam dragons
  3 basilisks
  14 vampire mosquitoes
  64 redbacks
  14 swamp worms
  Menkaure (D:7)
  5 wargs
  A fire bat zombie (Crypt:1)
  A cane toad zombie (Crypt:1)
  A hydra simulacrum (Crypt:1)
  2 acid dragons
  8 water moccasins
  2 naga skeletons (Crypt:2)
  8 swamp drakes (Swamp:4)
  A sky beast (D:7)
  5 great orb of eyes simulacra (IceCv)
  25 orc warriors
  9 ogres
  A black bear (shapeshifter) (D:14)
  4 black bears
  An ice beast (D:6)
  16 wolves
  A lindwurm skeleton (Crypt:2)
  20 centaurs
  11 kobold brigands
  4 slime creature simulacra (IceCv)
  A small abomination (Abyss:3)
  19 bullfrogs
  3 scorpions
  A necrophage (Crypt:1)
  3 wights (D:7)
  A queen bee zombie (Crypt:2)
  7 killer bees
  3 howler monkeys
  2 electric eels
  4 hounds
  4 jellies
  10 orc priests
  A gnoll bouda (D:4)
  14 iguanas
  A sleepcap (D:6)
  26 orc wizards
  A scorpion zombie (Crypt:2)
  6 adders
  8 gnolls
  2 shadow imps (D:7)
  A steam dragon skeleton (Crypt:1)
  2 ufetubi
  A worm (D:2)
  2 dart slugs
  61 orcs
  60 bats
  12 endoplasms
  6 giant cockroaches
  7 goblins
  8 hobgoblins
  4 jackals (D:2)
  3 quokkas
  2 ball pythons (D:1)
  13 frilled lizards
  9 kobolds
  7 rats
  A rat skeleton (Crypt:1)
  4 starspawn tentacles (Abyss:3)
1713 creatures vanquished.

Vanquished Creatures (others)
  Kirke (D:15)
  A sphinx (Vaults:3)
  A formless jellyfish (Vaults:3)
  2 ironbound thunderhulks (Vaults:3)
  A green draconian (Zot:1)
  4 great orbs of eyes
  5 glowing orange brains
  An orb spider (shapeshifter) (Depths:2)
  A wizard (Vaults:3)
  A shining eye (shapeshifter) (Vaults:4)
  A glowing shapeshifter (Vaults:1)
  A vault sentinel (Vaults:3)
  A yaktaur (shapeshifter) (Vaults:1)
  A meliai (Spider:4)
  5 slime creatures
  A snapping turtle (shapeshifter) (Depths:3)
  A golden eye (shapeshifter) (Vaults:1)
  A culicivora (shapeshifter) (Vaults:4)
  A swamp worm (Swamp:4)
  A centaur (shapeshifter) (Vaults:1)
  A jelly (shapeshifter) (Vaults:1)
  72 jellies
  A deep dwarf zombie (Crypt:2)
  An orc (Crypt:1)
  An endoplasm (shapeshifter) (Depths:3)
  A frilled lizard (shapeshifter) (Vaults:1)
  A hobgoblin zombie (Crypt:2)
  12 foxfires
  4 starspawn tentacles (Abyss:3)
126 creatures vanquished.

Grand Total: 1839 creatures vanquished

Notes
Turn   | Place    | Note
-------+----------+-------------------------------------------
     0 | D:1      | Midn8 the Draconian Wanderer began the quest for the Orb.
     0 | D:1      | Midn8 set off with the following items: a +2 hand axe, a +0
                  | quarterstaff, a +0 pair of boots, a potion of
                  | lignification.
     0 | D:1      | Reached XP level 1. HP: 19/19 MP: 2/2
   185 | D:1      | Reached XP level 2. HP: 26/26 MP: 3/3
   400 | D:1      | Found Xinoicue's Jewellery Boutique.
   472 | D:1      | Reached XP level 3. HP: 27/31 MP: 4/4
  1117 | D:2      | Found a faded altar of an unknown god.
  1128 | D:2      | Prayed at the altar of an unknown god.
  1128 | D:2      | Became a worshipper of Dithmenos the Shadowed
  1128 | D:2      | Reached * piety under Dithmenos
  1758 | D:3      | Reached XP level 4. HP: 38/38 MP: 5/5
  1826 | D:3      | Reached skill level 5 in Axes
  2584 | D:3      | Reached XP level 5. HP: 35/45 MP: 6/6
  2946 | D:4      | Found a staircase to the Ecumenical Temple.
  2990 | D:4      | Found an ancient bone altar of Kikubaaqudgha.
  3164 | D:4      | Reached ** piety under Dithmenos
  3557 | D:5      | Entered Level 5 of the Dungeon
  3633 | D:5      | Reached XP level 6. HP: 50/53 MP: 7/7
  3653 | D:5      | Reached skill level 5 in Fighting
  3982 | D:5      | Noticed Grinder
  3983 | D:5      | Paralysed by Grinder for 5 turns
  3992 | D:5      | Paralysed by Grinder for 4 turns
  4004 | D:5      | Paralysed by Grinder for 4 turns
  4161 | D:5      | Paralysed by Grinder for 3 turns
  4170 | D:5      | Killed Grinder
  4171 | D:5      | Reached skill level 1 in Ranged Weapons
  4171 | D:5      | Your scales start taking on a dull iron-grey colour.
  4171 | D:5      | Reached XP level 7. HP: 25/61 MP: 8/8
  4842 | D:6      | Noticed a shadow
  4865 | D:6      | Killed a shadow
  5380 | D:6      | Reached XP level 8. HP: 43/68 MP: 9/9
  5596 | D:6      | Reached skill level 5 in Ranged Weapons
  5791 | D:6      | Found a shadowy altar of Dithmenos.
  6110 | D:7      | Reached skill level 1 in Invocations
  6202 | D:7      | Noticed Menkaure
  6210 | D:7      | Killed Menkaure
  6574 | D:7      | Found a white marble altar of Elyvilon.
  6577 | D:7      | Found a glowing silver altar of Zin.
  6577 | D:7      | Found a glowing golden altar of the Shining One.
  6977 | D:6      | Reached XP level 9. HP: 74/74 MP: 12/12
  6990 | D:7      | Reached *** piety under Dithmenos
  7369 | D:8      | Noticed a komodo dragon
  7526 | D:8      | Killed a komodo dragon
  7813 | D:8      | Found an iron altar of Okawaru.
  7857 | D:8      | Found an opulent altar of Gozag.
  7942 | D:8      | Found a sacrificial altar of Ru.
  8010 | D:8      | Found a staircase to the Lair.
  8292 | D:8      | Reached skill level 10 in Ranged Weapons
  8346 | D:8      | Reached XP level 10. HP: 46/84 MP: 13/13
  8918 | D:9      | Reached skill level 5 in Dodging
  9314 | D:10     | Entered Level 10 of the Dungeon
  9527 | D:10     | Reached **** piety under Dithmenos
  9578 | D:10     | Found a radiant altar of Vehumet.
  9647 | D:10     | Found a portal to a secret trove of treasure.
  9931 | D:10     | Found a broken altar of Ashenzari.
 10369 | D:11     | Found a staircase to the Orcish Mines.
 10373 | D:11     | Noticed a manticore
 10449 | Lair:1   | Entered Level 1 of the Lair of Beasts
 10456 | Lair:1   | Noticed a cane toad
 10468 | Lair:1   | Killed a cane toad
 10481 | Lair:1   | Identified the +6 rapier of Fate {vamp, Dex+2}
 10481 | Lair:1   | Noticed Maggie
 10499 | Lair:1   | Killed Maggie
 10585 | Lair:1   | Noticed a cane toad
 10592 | Lair:1   | Killed a cane toad
 10593 | Lair:1   | Reached XP level 11. HP: 94/94 MP: 14/14
 10913 | Lair:1   | Identified the +3 plate armour of a ziggurat {rC- rN++}
 10949 | Lair:1   | Reached skill level 5 in Stealth
 11830 | Lair:2   | Reached skill level 1 in Evocations
 12060 | Lair:2   | Reached skill level 5 in Evocations
 12210 | Lair:2   | Found a hole to the Spider Nest.
 12716 | Lair:2   | Reached XP level 12. HP: 103/103 MP: 15/15
 13013 | Lair:3   | Reached ***** piety under Dithmenos
 13072 | Lair:3   | Reached skill level 10 in Fighting
 13840 | Lair:3   | Noticed a death yak
 13840 | Lair:3   | Noticed a death yak
 13840 | Lair:3   | Noticed a death yak
 13840 | Lair:3   | Noticed a death yak
 14042 | Lair:3   | Found a staircase to the Swamp.
 14162 | Lair:3   | Killed a death yak
 14463 | Lair:2   | Killed a death yak
 14706 | Lair:2   | Killed a death yak
 14827 | Lair:2   | Killed a death yak
 15071 | Lair:4   | Reached XP level 13. HP: 80/116 MP: 16/16
 16344 | Lair:5   | Entered Level 5 of the Lair of Beasts
 16399 | Lair:4   | Reached skill level 1 in Long Blades
 16812 | Lair:5   | Reached skill level 5 in Long Blades
 16910 | Lair:5   | Noticed pokeman's ghost (journeyman DEHW)
 17113 | Lair:5   | Found a transporter.
 17121 | Lair:5   | Found a transporter.
 17235 | Lair:5   | Found a viscous altar of Jiyva.
 17235 | Lair:5   | Found a staircase to the Slime Pits.
 17281 | Lair:5   | Reached ****** piety under Dithmenos
 17439 | Lair:5   | Reached XP level 14. HP: 59/126 MP: 17/17
 18124 | Lair:5   | Identified the +4 trident "Koeck" {flame, rN+ Dex+2}
 19584 | D:11     | Reached skill level 15 in Ranged Weapons
 19688 | D:11     | Identified the -1 helmet "Umok" {rElec rC- MP+9 SInv}
 19699 | D:11     | Noticed a fire giant
 19713 | D:11     | Killed a fire giant
 20155 | D:12     | Gained mutation: You are clumsy. (Dex -2) [a neqoxec]
 20343 | D:12     | Got the Teachings on Galvanic Ashes
 20455 | D:12     | Found a runed translucent door.
 20469 | D:12     | Noticed Pooter's ghost (journeyman DsBe)
 20787 | D:12     | Noticed Snorg
 20801 | D:12     | Killed Snorg
 20806 | D:12     | Found a glowing silver altar of Zin.
 21061 | D:12     | Noticed Fannar
 21103 | D:12     | Killed Pooter's ghost
 21174 | D:12     | Killed Fannar
 21519 | D:13     | Found a blossoming altar of Fedhas.
 21694 | D:13     | Reached XP level 15. HP: 138/138 MP: 18/18
 21768 | D:13     | Reached skill level 10 in Dodging
 21786 | D:13     | You fall into a shaft and drop 2 floors!
 21786 | D:15     | Entered Level 15 of the Dungeon
 21838 | D:15     | Noticed Kirke
 21862 | D:15     | Killed Kirke
 22868 | D:13     | Found a gate to the Vaults.
 23505 | D:14     | Identified the +2 robe of the Skies Above {Will+ Regen+
                  | Int-2}
 23625 | D:14     | Found a shimmering altar of Xom.
 23660 | D:14     | Found a sparkling altar of Nemelex Xobeh.
 23716 | D:14     | Found a runed translucent door.
 23721 | D:14     | Found a glowing golden altar of the Shining One.
 23743 | D:14     | Found a glowing golden altar of the Shining One.
 23798 | D:14     | Found a basalt altar of Yredelemnul.
 23821 | D:14     | Found a glowing golden altar of the Shining One.
 23892 | D:14     | Identified the staff of fire "Wichin" {rF+ rC+ rN+ MP-9
                  | Stlth+}
 24235 | D:15     | Found a staircase to the Depths.
 24353 | D:15     | Reached skill level 15 in Fighting
 24783 | Orc:1    | Entered Level 1 of the Orcish Mines
 24967 | Orc:2    | Entered Level 2 of the Orcish Mines
 24967 | Orc:2    | Found a staircase to the Elven Halls.
 24997 | Orc:2    | Found Tetamer's General Store.
 25056 | Orc:2    | Bought a wand of charming (5) for 156 gold pieces
 25203 | Orc:2    | Found Pomut's Antique Armour Shoppe.
 25438 | Orc:2    | Found Qeut's Jewellery Emporium.
 25562 | Orc:2    | Found Amufiph's Antique Weapon Emporium.
 25677 | Orc:2    | Found Huaq's Antique Weapon Shop.
 25702 | Orc:2    | Found Ofim's Assorted Antiques.
 25709 | Orc:2    | Bought a scroll of teleportation for 78 gold pieces
 25709 | Orc:2    | Bought a wand of iceblast (5) for 312 gold pieces
 25778 | Orc:2    | Reached XP level 16. HP: 151/151 MP: 19/19
 25805 | Orc:2    | Found Kechauq's General Store.
 25811 | Orc:2    | Found Kuag's General Store.
 25820 | Orc:2    | Bought a potion of curing for 42 gold pieces
 26041 | Orc:2    | Bought a pair of crude gloves for 266 gold pieces
 26041 | Orc:2    | Identified the +0 pair of gloves of the Furies {Drain rPois
                  | Slay+2 SInv} (You bought it in a shop on level 2 of the
                  | Orcish Mines)
 26041 | Orc:2    | Bought a pair of shimmering boots for 266 gold pieces
 26041 | Orc:2    | Identified the +1 pair of boots of Youthful Indiscretion
                  | {rF+} (You bought it in a shop on level 2 of the Orcish
                  | Mines)
 26083 | Orc:2    | Bought a potion of invisibility for 112 gold pieces
 26217 | Spider:1 | Entered Level 1 of the Spider Nest
 26238 | Spider:1 | Reached skill level 5 in Invocations
 27839 | Spider:2 | Reached skill level 10 in Long Blades
 28370 | Spider:3 | Found a frozen archway.
 28412 | IceCv    | Entered an ice cave
 28738 | IceCv    | Identified the +0 ice dragon scales of Uxouh {rF- rC++
                  | Will+ Str+3}
 29019 | IceCv    | Reached XP level 17. HP: 158/158 MP: 23/23
 29073 | IceCv    | Found a viscous altar of Jiyva.
 29131 | IceCv    | Identified the +0 chain mail of Fuydghamm {Str+3 Int+2}
 29136 | IceCv    | Identified the +0 ice dragon scales "Rownasisk" {rF- rC++
                  | rN+}
 29971 | Spider:4 | Entered Level 4 of the Spider Nest
 31463 | Spider:4 | Got a gossamer rune of Zot
 31613 | Swamp:1  | Entered Level 1 of the Swamp
 31639 | Swamp:1  | Reached skill level 15 in Dodging
 32518 | Swamp:2  | Identified the +3 leather armour "Tes Nuhoyjos" {+Inv rF-
                  | rN+ Int+3}
 32702 | Swamp:3  | Reached XP level 18. HP: 172/172 MP: 24/24
 33129 | Swamp:4  | Entered Level 4 of the Swamp
 33257 | Swamp:4  | Reached skill level 10 in Evocations
 33462 | Swamp:4  | Noticed Nikola
 33494 | Swamp:4  | Killed Nikola
 33805 | Swamp:4  | Noticed the 27-headed Lernaean hydra
 33818 | Swamp:4  | Killed the 27-headed Lernaean hydra
 33891 | Swamp:4  | Got a decaying rune of Zot
 34188 | Vaults:1 | Entered Level 1 of the Vaults
 34197 | Vaults:1 | Noticed Donald
 34208 | Vaults:1 | Killed Donald
 34251 | Vaults:1 | Found a runed translucent gate.
 34251 | Vaults:1 | Found a runed translucent gate.
 34251 | Vaults:1 | Noticed a tentacled monstrosity
 34252 | Vaults:1 | Found a runed translucent gate.
 34252 | Vaults:1 | Noticed a tentacled monstrosity
 34263 | Vaults:1 | Noticed a tentacled monstrosity
 34650 | Abyss:3  | Found a corrupted altar of Lugonu.
 34650 | Abyss:3  | Cast into level 3 of the Abyss (a deep elf demonologist)
 34681 | Abyss:3  | Gained mutation: Potions are less effective at restoring
                  | your health. [a neqoxec]
 34787 | Vaults:1 | Escaped the Abyss
 35065 | Vaults:1 | Found Hugukus's Antique Weapon Boutique.
 35073 | Vaults:1 | Bought a runed triple crossbow for 455 gold pieces
 35194 | Vaults:1 | Lost mutation: Potions are less effective at restoring your
                  | health. [potion of mutation]
 35194 | Vaults:1 | Lost mutation: You are clumsy. (Dex -2) [potion of
                  | mutation]
 35194 | Vaults:1 | Gained mutation: You are resistant to electric shocks.
                  | (rElec) [potion of mutation]
 35194 | Vaults:1 | Gained mutation: You are agile. (Dex +4, Str/Int -1)
                  | [potion of mutation]
 35194 | Vaults:1 | Gained mutation: Your muscles are strong. (Str +4, Int/Dex
                  | -1) [potion of mutation]
 35218 | Vaults:1 | Identified the +1 mace "Dakki" {flame, Fly rC+ Will+ Str-5}
 35433 | Vaults:1 | Reached XP level 19. HP: 163/185 MP: 25/25
 36549 | Lair:5   | Fell from the grace of Dithmenos
 36549 | Lair:5   | Became a worshipper of Jiyva Jepodauh the Shapeless
 37636 | Vaults:2 | Found a transporter.
 37638 | Vaults:2 | Found the ring of the Octopus King {HP+2 AC+2 EV+2 SH+2
                  | SInv}
 37644 | Vaults:2 | Found a transporter.
 37661 | Vaults:2 | Reached * piety under Jiyva
 37894 | Vaults:2 | Found a staircase to the Crypt.
 38190 | Vaults:3 | Reached ** piety under Jiyva
 38274 | Vaults:3 | Noticed Jory
 38315 | Vaults:3 | Killed Jory
 38849 | Vaults:3 | Upgraded the game from 0.31-a0-154-g56bf346678 to
                  | 0.31-a0-161-gb58dd9be76
 39184 | Vaults:3 | Reached *** piety under Jiyva
 39560 | Vaults:3 | Reached XP level 20. HP: 193/193 MP: 26/26
 39820 | Vaults:4 | Gained mutation: You expend magic power (3 MP) to
                  | strengthen your wands. [Jiyva's grace]
 39820 | Vaults:4 | Gained mutation: Your system is resistant to poisons.
                  | (rPois) [Jiyva's grace]
 39820 | Vaults:4 | Gained mutation: You have supernaturally acute eyesight.
                  | (SInv) [Jiyva's grace]
 39820 | Vaults:4 | Gained mutation: Your translucent skin slightly reduces
                  | your foes' accuracy. (Stealth+) [Jiyva's grace]
 40158 | Vaults:4 | Reached **** piety under Jiyva
 40209 | Vaults:4 | Found Hymes's Antique Weapon Shoppe.
 40218 | Vaults:4 | Bought a bloodstained arbalest for 389 gold pieces
 40218 | Vaults:4 | Identified the +0 arbalest of Weokeel {freeze, Int+4 Dex+3}
                  | (You bought it in a shop on level 4 of the Vaults)
 40491 | Vaults:4 | Found Onnofequ's Distillery.
 40499 | Vaults:4 | Bought a potion of resistance for 190 gold pieces
 40499 | Vaults:4 | Bought a potion of curing for 57 gold pieces
 40499 | Vaults:4 | Bought a potion of curing for 57 gold pieces
 40499 | Vaults:4 | Bought a potion of curing for 57 gold pieces
 41038 | Crypt:1  | Entered Level 1 of the Crypt
 41323 | Crypt:1  | Identified the +0 leather armour "Rofonk" {+Blink rF+ rC-
                  | Str+3}
 41369 | Crypt:1  | Noticed Saint Roka
 41377 | Crypt:1  | Reached ***** piety under Jiyva
 41437 | Crypt:1  | Noticed Xtahua
 41440 | Crypt:1  | Killed Xtahua
 41479 | Crypt:1  | Killed Saint Roka
 41684 | Crypt:1  | Gained mutation: You are covered in slimy tendrils that may
                  | disarm your opponents. [Jiyva's grace]
 41684 | Crypt:1  | Gained mutation: Your muscles are very strong. (Str +8,
                  | Int/Dex -2) [Jiyva's grace]
 41684 | Crypt:1  | Gained mutation: Your rubbery body absorbs attacks. (AC +1,
                  | EV +1) [Jiyva's grace]
 41684 | Crypt:1  | Gained mutation: Your pliable body absorbs attacks. (AC +2,
                  | EV +2) [Jiyva's grace]
 42633 | Crypt:3  | Entered Level 3 of the Crypt
 42964 | Crypt:2  | Identified the +1 robe "Ysmuor" {Rampage rCorr}
 42976 | Crypt:2  | Found a basalt altar of Yredelemnul.
 43067 | Crypt:3  | Found a basalt altar of Yredelemnul.
 43081 | Crypt:3  | Reached XP level 21. HP: 195/201 MP: 27/27
 43104 | Crypt:3  | Noticed Vv
 43423 | Depths:1 | Entered Level 1 of the Depths
 43480 | Depths:1 | Lost mutation: Your system is resistant to poisons. (rPois)
                  | [Jiyva's grace]
 43480 | Depths:1 | Lost mutation: Your pliable body absorbs attacks. (AC +2,
                  | EV +2) [Jiyva's grace]
 43480 | Depths:1 | Gained mutation: Your spells are a little harder to cast,
                  | but a little more powerful. [Jiyva's grace]
 43480 | Depths:1 | Gained mutation: Your spells are harder to cast, but more
                  | powerful. [Jiyva's grace]
 43480 | Depths:1 | Gained mutation: Your spells are much harder to cast, but
                  | much more powerful. [Jiyva's grace]
 43480 | Depths:1 | Gained mutation: You have a small jelly attached to you
                  | that senses nearby items. [Jiyva's grace]
 43530 | Depths:1 | Was forgiven by Dithmenos
 43632 | Depths:1 | Found a hide-covered altar of Uskayaw.
 43832 | Depths:1 | Reached ****** piety under Jiyva
 43948 | Depths:1 | Found a gateway to Hell.
 44163 | Depths:1 | Found the +8 Vampire's Tooth {megavamp}
 44748 | Slime:1  | Entered Level 1 of the Pits of Slime
 45025 | Slime:5  | Entered Level 5 of the Pits of Slime
 45040 | Slime:5  | Noticed the Royal Jelly
 45042 | Slime:5  | Found a viscous altar of Jiyva.
 45043 | Slime:5  | Found the +10 dark maul {heavy}
 45048 | Slime:5  | Identified the staff of air "Raupsuko" {rElec Will+}
 45059 | Slime:5  | Identified the staff of air "Plog" {Drain rElec rPois rN++}
 45061 | Slime:5  | Identified the +4 arbalest "Tekangis" {freeze, rElec Will+
                  | Int+2}
 45069 | Slime:5  | Identified the ring of Sacwalokh {rPois Will+ Str+2 Int+6}
 45072 | Slime:5  | Got the Disquisition on Forms
 45074 | Slime:5  | Got a slimy rune of Zot
 45098 | Slime:5  | Identified the +5 halberd of Fatigue {holy, Int+3}
 45496 | Depths:2 | Found Tiuhap's Armour Emporium.
 45542 | Depths:2 | Bought a +2 cloak of willpower for 279 gold pieces
 45631 | Depths:2 | Found a one-way gate leading to the halls of Pandemonium.
 45642 | Depths:2 | Found a one-way gateway to a ziggurat.
 45676 | Depths:2 | Lost mutation: You have supernaturally acute eyesight.
                  | (SInv) [Jiyva's grace]
 45676 | Depths:2 | Lost mutation: You are agile. (Dex +4, Str/Int -1) [Jiyva's
                  | grace]
 45676 | Depths:2 | Lost mutation: Your spells are much harder to cast, but
                  | much more powerful. [Jiyva's grace]
 45676 | Depths:2 | Lost mutation: Your translucent skin slightly reduces your
                  | foes' accuracy. (Stealth+) [Jiyva's grace]
 45676 | Depths:2 | Lost mutation: You expend magic power (3 MP) to strengthen
                  | your wands. [Jiyva's grace]
 45676 | Depths:2 | Gained mutation: Armour fits poorly on your pseudopods.
                  | [Jiyva's grace]
 45676 | Depths:2 | Gained mutation: Armour fits poorly on your large
                  | pseudopods. [Jiyva's grace]
 45676 | Depths:2 | Gained mutation: Armour fits poorly on your massive
                  | pseudopods. [Jiyva's grace]
 45676 | Depths:2 | Gained mutation: You have a pair of small horns on your
                  | head. [Jiyva's grace]
 45806 | Depths:2 | Identified the ring of Giawutah {*Corrode rPois rC++ Will+}
 46198 | Depths:3 | Noticed Whoops's ghost (adept DsFi)
 46228 | Depths:3 | Found a runed translucent gate.
 46228 | Depths:3 | Found a runed translucent gate.
 46228 | Depths:3 | Found a runed translucent gate.
 46311 | Depths:3 | Noticed a juggernaut
 46325 | Depths:3 | Killed a juggernaut
 46410 | Depths:3 | Noticed a golden dragon
 46428 | Depths:3 | Killed a golden dragon
 46428 | Depths:3 | Noticed a golden dragon
 46431 | Depths:3 | Killed a golden dragon
 46492 | Depths:3 | Identified the staff of cold "Vemiecru" {rF+ rC+}
 46560 | Depths:3 | Got the Information on Diablerie
 46563 | Depths:3 | Got the Elucidation of the Gift and Feathers
 46610 | Depths:3 | Found a shimmering altar of Xom.
 46764 | Depths:3 | Found a one-way gate to the infinite horrors of the Abyss.
 46793 | Depths:3 | Found a shimmering altar of Xom.
 46793 | Depths:3 | Found a shimmering altar of Xom.
 46805 | Depths:3 | Found a shimmering altar of Xom.
 46845 | Depths:3 | Noticed a caustic shrike
 46852 | Depths:3 | Killed a caustic shrike
 47211 | Depths:3 | Reached XP level 22. HP: 162/215 MP: 28/28
 47318 | Depths:4 | Entered Level 4 of the Depths
 47532 | Depths:4 | Lost mutation: You are resistant to electric shocks.
                  | (rElec) [Jiyva's grace]
 47532 | Depths:4 | Lost mutation: Your muscles are very strong. (Str +8,
                  | Int/Dex -2) [Jiyva's grace]
 47532 | Depths:4 | Lost mutation: Your spells are harder to cast, but more
                  | powerful. [Jiyva's grace]
 47532 | Depths:4 | Lost mutation: Your spells are a little harder to cast, but
                  | a little more powerful. [Jiyva's grace]
 47532 | Depths:4 | Lost mutation: Your rubbery body absorbs attacks. (AC +1,
                  | EV +1) [Jiyva's grace]
 47532 | Depths:4 | Lost mutation: Armour fits poorly on your massive
                  | pseudopods. [Jiyva's grace]
 47532 | Depths:4 | Lost mutation: You are covered in slimy tendrils that may
                  | disarm your opponents. [Jiyva's grace]
 47532 | Depths:4 | Gained mutation: Your system is resistant to poisons.
                  | (rPois) [Jiyva's grace]
 47532 | Depths:4 | Gained mutation: Your mind is acute. (Int +4, Str/Dex -1)
                  | [Jiyva's grace]
 47532 | Depths:4 | Gained mutation: Your mind is very acute. (Int +8, Str/Dex
                  | -2) [Jiyva's grace]
 47532 | Depths:4 | Gained mutation: Your muscles are very strong. (Str +8,
                  | Int/Dex -2) [Jiyva's grace]
 47536 | Depths:4 | Learned a level 2 spell: Blink
 47552 | Depths:4 | Noticed a golden dragon
 47553 | Depths:4 | Reached skill level 1 in Translocations
 47569 | Depths:4 | Killed a golden dragon
 47661 | Depths:4 | Found a gate to the Realm of Zot.
 47975 | Depths:4 | Found a hazy altar of Hepliaklqana.
 48033 | Depths:4 | Reached skill level 5 in Translocations
 48281 | Zot:1    | Entered Level 1 of the Realm of Zot
 48307 | Zot:1    | Found the +4 dragonskin cloak
 48307 | Zot:1    | Noticed Tiamat
 48322 | Zot:1    | Mangled by Tiamat

Illustrated notes

Levels and vault maps discovered:
D:1:      shiori_shiawase, layout_loops_ring, serial_shops,
          nicolae_lakefront_shop
D:2:      layout_basic, hellmonk_ecumenical_altar_dog_temple, minivault_24
D:3:      layout_loops_ring, minivault_27
D:4:      layout_basic, mainiacjoe_overflow_24_doors,
          minmay_temple_entry_proselytizer
D:5:      layout_basic, uniq_grinder
D:6:      layout_basic, mainiacjoe_overflow_small_starburst, minivault_19
D:7:      layout_loops_ring, dreamdust_divine_triumvirate, uniq_menkaure
D:8:      layout_rooms, hangedman_ru_absence,
          mainiacjoe_overflow_surrounded_room, lemuel_doored_altar,
          grunt_lair_entry_orc_guard_hut, serial_aquarium,
          aquarium_bridge_square [aquarium_subvault_wall,
          aquarium_subvault_window, aquarium_subvault_window,
          aquarium_subvault_bridge], aquarium_window_1, aquarium_window_fake,
          aquarium_view_2f, aquarium_view_2a, st_stairs_11
D:9:      layout_cave_pools, nicolae_concentric_dashed_squares_mild
D:10:     layout_gridville, nicolae_ashenzari_panopticon, amcnicky_altar_gilded,
          nicolae_trove_entry_diagonal
D:11:     minmay_tile_spiral, layout_loops_corners, orc_0_dummy, minivault_16,
          kb_lookout_dungeons_type
D:12:     layout_roguey, ebering_ghost_reflecting_pool,
          minmay_misc_feat_more_columns, grunt_ministairs_9, kennysheep_diamond,
          hangedman_ranch, uniq_snorg, uniq_fannar
D:13:     layout_irregular_city, hangedman_vaults_entry_quadrant_bands,
          fedhas_bush_and_centaur_altar
D:14:     due_megacathedral, layout_long_grid, minmay_misc_feat_cross
D:15:     hangedman_depths_entry_try_elsewhere_first, layout_basic,
          minmay_misc_feat_pillars, serial_glass, glass_columns_a,
          glass_columns_a, uniq_kirke
Lair:1:   layout_loops_ring, uniq_maggie
Lair:2:   hellmonk_ruined_rings, layout_cave_pods, dummy_spider_entry
Lair:3:   lemuel_reptile_caves, layout_cave_shapes, skrybe_swamp_entry_bodies
Lair:4:   layout_gridlike, grunt_megastairs_5
Lair:5:   gammafunk_lair_ancient_temple, layout_misc_corridors,
          nicolae_slime_entry_slimehenge, gammafunk_ghost_hive,
          serial_bayou_shore_b, serial_bayou_shore_b
Swamp:1:  layout_basic_swamp, evilmike_swamp_ruin_rubble_2,
          infiniplex_staircase_pool
Swamp:2:  layout_basic_swamp, nicolae_swamp_bean_lake
Swamp:3:  layout_basic_swamp, evilmike_swamp_ruin_house_2, swamp_pool1
Swamp:4:  swamp_old_school, layout_basic_swamp, uniq_nikola
Spider:1: cheibrodos_forgotten_conduit
Spider:2: layout_spider_delve
Spider:3: layout_spider_delve, portal_ice_cave_entry_pillars_three
Spider:4: grunt_spider_rune_circles
Slime:1:  layout_caves, special_room [special_room_jelly]
Slime:2:  layout_caves
Slime:3:  cheibrodos_slime_lost_civilization_1, layout_caves
Slime:4:  layout_caves
Slime:5
Orc:1:    layout_caves
Orc:2:    grunt_orc_gardens, layout_caves, grunt_orc_garden, grunt_orc_garden,
          grunt_orc_garden, grunt_orc_garden, serial_shops,
          nicolae_shop_statue_plus, shop, shop, shop
Vaults:1: ploomutoo_gammafunk_ghost_potion_laboratory, nicolae_vaults_rhombus_6,
          nicolae_vaults_little_squares_6, v_rooms_5, vaults_dpeg_diagonal,
          ontoclasm_vaults_tryst, vaults_dpeg_hooks, nicolae_vaults_network_s,
          nicolae_vaults_surprise_closet, nicolae_vaults_six-pack, v_misc_14,
          ontoclasm_vaults_pinch, nicolae_vaults_tetromino_L_1,
          vaults_room_pools, ontoclasm_vaults_twist,
          nicolae_vaults_three_branches, layout_vaults_ring, serial_shops, shop,
          uniq_donald
Vaults:2: nicolae_vaults_heart-shaped_vault, blue_anna_dwarven_crypt,
          gammafunk_sealed_arena, vaults_mumra_hexcomb, ontoclasm_vaults_chip,
          nicolae_vaults_yaktaur_gun_rack, vaults_room_semicircle,
          nicolae_vaults_little_squares_4, layout_vaults_chaotic_city
Vaults:3: nicolae_vaults_little_squares_3, nicolae_vaults_two_Ls,
          nicolae_vaults_more_shelving_1, ontoclasm_vaults_gateway,
          nicolae_vaults_network_square, vaults_room_guarded_vault,
          vaults_room_hallway, nicolae_vaults_more_shelving_2, vaults_mumra_lcd,
          nicolae_vaults_little_squares_5, nicolae_vaults_mini_display_case,
          layout_vaults_omnigrid, uniq_jory, uniq_margery
Vaults:4: nicolae_vaults_oval_intersection, nicolae_vaults_triangles,
          nicolae_vaults_ellipses_ellipsis, nicolae_vaults_trapezoid_layered,
          v_misc_25, hangedman_vaults_river_flow, nicolae_vaults_specimen_jars,
          nicolae_vaults_rhombus_7, nicolae_vaults_little_ls, v_misc_5,
          nicolae_vaults_storage_room_water, nicolae_vaults_murder_corner,
          layout_vaults_omnicross, serial_shops, shop_statue, shop
Crypt:1:  layout_misc_corridors, grunt_crypt_arrival_split, uniq_saint_roka,
          uniq_xtahua
Crypt:2:  layout_chaotic_city, lemuel_statue_altar, grunt_ministairs_10,
          item_on_display_a, lemuel_upstairs_altar
Crypt:3:  grunt_crypt_end_deaths_head, uniq_vv
Depths:1: layout_basic, marbit_kobold_abyss_entry, grunt_metal_band,
          nicolae_uskayaw_murder_on_the_dancefloor,
          minmay_guarded_unrand_vampires_tooth
Depths:2: minmay_shrinking_squares, layout_cave_pools, enter_ziggurat_c,
          hangedman_coc_ice_floe, rand_demon_pan_entry_5,
          serial_sigils_hangedman_confine, serial_shops, shop,
          kennysheep_generic_room_3
Depths:3: minmay_the_grid_triangle_9x9_rhombus_full_mashed
          [minmay_the_grid_triangle_9x9_from_above,
          minmay_the_grid_triangle_9x9_sparse_checkered,
          minmay_the_grid_triangle_9x9_swiss_cheese,
          minmay_the_grid_triangle_9x9_zippers_vertical,
          minmay_the_grid_triangle_9x9_windchime,
          minmay_the_grid_triangle_9x9_flanged_cone,
          minmay_the_grid_triangle_9x9_semitri,
          minmay_the_grid_triangle_9x9_prize_insulated], layout_gridlike,
          xom_redecorated, pan_entry, hell_entry, gammafunk_ghost_icy,
          abyss_entry, chequers_serial_rivers_large_a
Depths:4: grunt_twist_and_shout, layout_gridlike, pf_vacation_house_of_asmodeus,
          grunt_pan_entry_sceptre, serial_aquarium, aquarium_bridge_square
          [aquarium_subvault_bridge, aquarium_subvault_bridge,
          aquarium_subvault_balcony, aquarium_subvault_bridge],
          aquarium_window_1, aquarium_window_1, aquarium_window_fake,
          aquarium_window_2, aquarium_view_2c, aquarium_balcony_5b,
          aquarium_pool_2, nicolae_hepliaklqana_hazy_memory,
          serial_bayou_shore_b
Zot:1:    layout_basic, uniq_tiamat

Skill      XL: |  1  2  3  4  5  6  7  8  9 10 11 12 13 14 15 16 17 18 19 20 21 22 |
---------------+-------------------------------------------------------------------+-----
Axes           | 4 5 6 |  6.0
Fighting       | 4 5 6 8 11 12 14 15 16 18 20 22 | 22.0
Dodging        | 4 7 9 12 13 15 16 18 | 18.0
Ranged Weapons | 1 4 7 10 12 14 16 19 22 | 22.8
Invocations    | 4 9 |  9.0
Stealth        | 3 5 |  5.0
Evocations     | 6 8 11 | 11.0
Long Blades    | 8 10 | 10.0
Translocations | 5 |  5.0
Staves         | |  2.0
Spellcasting   | |  1.0

Action                     |  1- 3 |  4- 6 |  7- 9 | 10-12 | 13-15 | 16-18 | 19-21 | 22-24 || total
---------------------------+-------+-------+-------+-------+-------+-------+-------+-------++-------
  Melee: Hand axe          |   124 |   176 |   235 |   531 |   168 |     8 |       |       ||  1242
         Tailslap          |     8 |    29 |    46 |   114 |    58 |     1 |     4 |       ||   260
         Punch             |     2 |       |     1 |    10 |     6 |       |       |       ||    19
         Scimitar          |       |       |       |       |   133 |       |    19 |       ||   152
         Orcbow            |       |       |       |       |       |     1 |       |       ||     1
   Fire: Sling             |       |    26 |    85 |       |       |       |       |       ||   111
         Orcbow            |       |       |    61 |    53 |  1118 |  1979 |   857 |       ||  4068
         Arbalest          |       |       |       |   273 |   233 |       |    46 |       ||   552
         Triple crossbow   |       |       |       |       |       |       |  1028 |   190 ||  1218
  Throw: Boomerang         |       |     1 |     2 |       |     1 |       |       |       ||     4
 Invoke: Shadow Step       |       |       |       |       |     2 |       |       |       ||     2
         Slimify           |       |       |       |       |       |       |     1 |     1 ||     2
         Oozemancy         |       |       |       |       |       |       |       |     1 ||     1
  Evoke: Wand              |       |       |       |       |     4 |       |     2 |     2 ||     8
         Phial of floods   |       |       |       |       |     2 |     1 |     2 |       ||     5
         Piece from Xom's  |       |       |       |       |       |       |     3 |       ||     3
         Condenser vane    |       |       |       |       |       |       |     2 |     1 ||     3
         Box of beasts     |       |       |       |       |       |       |     1 |       ||     1
    Use: Scroll            |     4 |     3 |     8 |     6 |    12 |     4 |     7 |     1 ||    45
         Potion            |       |     1 |     1 |       |     2 |     3 |     2 |     1 ||    10
   Stab: Sleeping          |     2 |     1 |     1 |       |       |       |       |       ||     4
 Armour: Skin              |    57 |    47 |    85 |   200 |   198 |   209 |   227 |    34 ||  1057
  Dodge: Dodged            |    86 |   125 |   191 |   654 |   768 |   960 |  1709 |   186 ||  4679
  Block: Buckler           |       |       |    13 |       |       |       |       |       ||    13
         Other             |       |       |       |    98 |   195 |    33 |       |       ||   326
         Reflection        |       |       |       |       |    16 |       |       |       ||    16

Table legend: (Time is in decaauts)
 A = Elapsed time spent in this place.
 B = Non-inter-level travel time spent in this place.
 C = Inter-level travel time spent in this place.
 D = Time resting spent in this place.
 E = Time spent auto-exploring this place.
 F = Levels seen in this place.
 G = Mean time per level.
                   A        B        C        D        E       F      G
               +--------+--------+--------+--------+--------+-----+--------+
         Total |  47559 |  43459 |   4100 |   9143 |  21591 |  49 |  970.6 |
       Dungeon |  17273 |  15557 |   1716 |   3841 |   8451 |  15 | 1151.5 |
          Lair |   8698 |   7683 |   1015 |   2251 |   2773 |   5 | 1739.6 |
         Swamp |   2260 |   2096 |    164 |    217 |   1319 |   4 |  565.0 |
   Spider Nest |   4266 |   4116 |    150 |   1057 |   1940 |   4 | 1066.5 |
    Slime Pits |    414 |    343 |     71 |      0 |    236 |   5 |   82.8 |
  Orcish Mines |   1269 |   1156 |    113 |    186 |    647 |   2 |  634.5 |
        Vaults |   6096 |   5545 |    551 |    848 |   2774 |   4 | 1524.0 |
         Crypt |   2308 |   2209 |     99 |    245 |    927 |   3 |  769.3 |
        Depths |   4078 |   3859 |    219 |    240 |   2465 |   4 | 1019.5 |
           Zot |     45 |     45 |      0 |      0 |      0 |   1 |   45.0 |
         Abyss |    112 |    112 |      0 |     15 |      0 |   1 |  112.0 |
      Ice Cave |    735 |    735 |      0 |    239 |     59 |   1 |  735.0 |
               +--------+--------+--------+--------+--------+-----+--------+

Top non-repeatable levels by time:
  Lair:2: 2261 daAuts
  Lair:4: 1967 daAuts
Vaults:1: 1735 daAuts
Vaults:2: 1725 daAuts
  Lair:5: 1612 daAuts
Vaults:3: 1577 daAuts
    D:11: 1575 daAuts
  Lair:1: 1483 daAuts
Spider:4: 1395 daAuts
  Lair:3: 1374 daAuts
    D:12: 1342 daAuts
     D:5: 1314 daAuts
    D:13: 1262 daAuts
     D:7: 1234 daAuts
     D:9: 1220 daAuts
